 Dungeon Crawl Stone Soup version 0.30.2 (webtiles) character file.

Game seed: 14539098391730491245

84 porpoise the Chopper (level 4, 0/41 HPs)
             Began as a Hill Orc Fighter on Feb 22, 2024.
             Succumbed to a water moccasin's poison
             ... on level 3 of the Dungeon.
             The game lasted 00:07:29 (1739 turns).

porpoise the Chopper (Hill Orc Fighter)             Turns: 1739, Time: 00:07:30

Health: 0/41       AC:  9    Str: 20    XL:     4   Next: 45%
Magic:  4/4        EV:  9    Int:  8    God:
Gold:   126        SH:  4    Dex:  8    Spells: 3/3 levels left

rFire   + . .        a - +0 war axe
rCold   . . .        c - +0 buckler
rNeg    . . .        i - +0 scale mail
rPois   .            (no helmet)
rElec   +            (no cloak)
rCorr   .            (no gloves)
SInv    .            r - +1 pair of boots "Lemelaih" {rElec rF+ Dex-2}
Will    .....        (no amulet) Stlth
                     (no ring)
HPRegen 0.26/turn    (no ring)
MPRegen 0.09/turn

%: no passive effects
@: mighty, lethally poisoned (0 -> -24)
A: no striking features
a: no special abilities


You were on level 3 of the Dungeon.
You visited 1 branch of the dungeon, and saw 3 of its levels.

You collected 126 gold pieces.

Inventory:

Hand Weapons
 a - a +0 war axe (weapon)
 b - a +0 sling
 k - a +2 hand axe of electrocution
Missiles
 v - 8 poisoned darts
 w - 5 boomerangs
Armour
 c - a +0 buckler (worn)
 i - a +0 scale mail (worn)
 r - the +1 pair of boots "Lemelaih" (worn) {rElec rF+ Dex-2}
   (You found it on level 2 of the Dungeon)

   Dex:       It affects your dexterity (-2).
   rF:        It protects you from fire.
   rElec:     It insulates you from electricity.
Jewellery
 o - an amulet of faith
 p - a ring of ice
Scrolls
 e - 3 scrolls of teleportation
 g - a scroll of fog {unknown}
 h - a scroll of blinking {unknown}
 q - a scroll of enchant armour {unknown}
 s - 2 scrolls of immolation {unknown}
 t - a scroll of amnesia {unknown}
Potions
 f - 2 potions of lignification
 l - a potion of heal wounds
 m - 2 potions of brilliance
 n - a potion of flight
 u - a potion of mutation {unknown}


   Skills:
 + Level 4.4 Fighting
 * Level 4.7 Axes
 - Level 3.2 Armour
 + Level 4.0 Shields


You had 3 spell levels left.
You didn't know any spells.
Your spell library contained the following spells:

 Spells                   Type           Power      Damage    Failure   Level
 Magic Dart               Conj           0%         1d3       83%         1
 Slow                     Hex            0%         N/A       83%         1
 Call Imp                 Summ           0%         N/A       93%         2
 Confusing Touch          Hex            0%         N/A       99%         3
 Dazzling Flash           Conj/Hex       0%         N/A       99%         3
 Hailstorm                Conj/Ice       0%         3d3       99%         3
 Mephitic Cloud           Conj/Pois/Air  0%         N/A       99%         3
 Summon Guardian Golem    Hex/Summ       0%         N/A       99%         3
 Vampiric Draining        Necr           0%         2d6       99%         3
 Ice Form                 Ice/Tmut       0%         N/A       100%        4
 Agony                    Necr           0%         N/A       100%        5
 Silence                  Hex/Air        0%         N/A       100%        5
 Simulacrum               Ice/Necr       0%         N/A       100%        6
 Orb of Destruction       Conj           0%         9d5       100%        7
 Spellforged Servitor     Conj/Summ      0%         N/A       100%        7


Dungeon Overview and Level Annotations

Branches:
Dungeon (3/15)

Altars:
Okawaru

Shops:
D:1 :


Message History

* * * LOW HITPOINT WARNING * * *
You feel better. The water moccasin barely misses you.
You hit the water moccasin but do no damage.
The water moccasin is moderately wounded.
You block the water moccasin's attack. x2
You slash the water moccasin!
The water moccasin is severely wounded.
The water moccasin bites you.
You are lethally poisoned!
The water moccasin poisons you! The water moccasin bites you.
* * * LOW HITPOINT WARNING * * *
You are more poisoned.
The water moccasin poisons you!
You feel much better.
You feel extremely sick. The water moccasin closely misses you.
You feel very mighty all of a sudden.
You feel very sick.
The water moccasin barely misses you. x2
You slash the water moccasin!
The water moccasin is almost dead.
You feel very sick. The water moccasin bites you.
The water moccasin bites you but does no damage.
You completely miss the water moccasin.
The water moccasin is almost dead.
* * * LOW HITPOINT WARNING * * *
You feel very sick. The water moccasin closely misses you.
You miss the water moccasin.
The water moccasin is almost dead.
* * * LOW HITPOINT WARNING * * *
You feel very sick. The water moccasin barely misses you.
The water moccasin bites you.
* * * LOW HITPOINT WARNING * * *
You are lethally poisoned!
The water moccasin poisons you!
You barely miss the water moccasin.
The water moccasin is almost dead.
You die...

#...#
#.###
#.#
#.#
#.#
#†#
#.#
#.#
#@#
#S#
#..
##.#
.# .#
.. ..


You could see a water moccasin.

Vanquished Creatures
  3 adders (D:2)
  2 worms (D:2)
  3 endoplasms
  A giant cockroach (D:1)
  6 goblins
  7 hobgoblins
  5 jackals
  3 quokkas
  4 ball pythons
  3 bats (D:1)
  4 frilled lizards
  4 kobolds
  4 rats
49 creatures vanquished.

Notes
Turn   | Place    | Note
-------+----------+-------------------------------------------
     0 | D:1      | porpoise the Hill Orc Fighter began the quest for the Orb.
     0 | D:1      | Reached XP level 1. HP: 19/19 MP: 1/1
   151 | D:1      | Reached XP level 2. HP: 27/27 MP: 2/2
   180 | D:1      | Found a faded altar of an unknown god.
   219 | D:1      | Found Maickim's Book Emporium.
   219 | D:1      | Noticed a walking divine tome
   227 | D:1      | Noticed a walking divine tome
   725 | D:2      | You fall into a shaft and drop 1 floor!
   731 | D:3      | Found an iron altar of Okawaru.
   779 | D:2      | Reached XP level 3. HP: 28/33 MP: 3/3
  1150 | D:2      | Identified the +1 pair of boots "Lemelaih" {rElec rF+
                  | Dex-2}
  1190 | D:2      | Reached XP level 4. HP: 34/40 MP: 4/4
  1718 | D:3      | Noticed a water moccasin
  1739 | D:3      | Succumbed to a water moccasin's poison

Illustrated notes

Levels and vault maps discovered:
D:1:      minmay_arrival_pointy, layout_basic,
          hellmonk_ecumenical_altar_prayer_group, serial_shops,
          nicolae_shop_mannequins
D:2:      layout_basic, kennysheep_generic_room_10
D:3:      layout_loops_ring, nicolae_hepliaklqana_hazy_memory,
          mainiacjoe_overflow_24_doors, minmay_misc_feat_iff,
          cheibrodos_gnoll_hut

Skill      XL: |  1  2  3  4 |
---------------+-------------+-----
Axes           | 3 4 |  4.7
Fighting       | 4 |  4.4
Shields        | 4 |  4.0
Armour         | |  3.2

Action                     |  1- 3 |  4- 6 || total
---------------------------+-------+-------++-------
  Melee: War axe           |    59 |    68 ||   127
         Hand axe          |    10 |       ||    10
   Fire: Sling             |     5 |       ||     5
    Use: Scroll            |     5 |     1 ||     6
         Potion            |       |     3 ||     3
 Armour: Scale mail        |    28 |    38 ||    66
  Dodge: Dodged            |    26 |    25 ||    51
  Block: Buckler           |    12 |    15 ||    27
